 Dungeon Sprint DCSS version 0.27-a0-1273-gec92ba881d (webtiles) character file.

Game seed: 12728753664747185331

1813 mhtbhm the Carver (level 8, -4/114 HPs)
             Began as a Demonspawn Berserker on June 12, 2021.
             Was an Elder of Trog.
             Slain by an eight-headed hydra (9 damage)
             ... in the Dungeon (Sprint IX: "|||||||||||||||||||||||||||||").
             The game lasted 00:01:20 (645 turns).

mhtbhm the Carver (Demonspawn Berserker)             Turns: 645, Time: 00:01:21

Health: -4/114     AC: 15    Str: 20    XL:     8   Next: 84%
Magic:  8/8        EV:  9    Int: 15    God:    Trog [****..]
Gold:   0          SH:  0    Dex: 12    Spells: 7/7 levels left

rFire    . . .     SeeInvis .   a - +0 falchion
rCold    . . .     Faith    .   (no shield)
rNeg     . . .     Spirit   .   b - +1 chain mail
rPois    .         Reflect  .   l - +0 helmet
rElec    .         Harm     .   (no cloak)
rCorr    .         Rampage  .   k - +0 pair of gloves
Will     .....     NoTele   +   (boots unavailable)
Stlth    ..........             (no amulet)
HPRegen  0.29/turn              m - +3 ring of intelligence
MPRegen  0.11/turn              n - +3 ring of intelligence

@: berserking, very quick
A: talons 3, sharp scales 1
a: Renounce Religion, Berserk, Trog's Hand, Brothers in Arms


You were in the Dungeon.
You worshipped Trog.
Trog was greatly pleased with you.
You visited 1 branch

Inventory:

Hand Weapons
 a - a +0 falchion (weapon)
Armour
 b - a +1 chain mail (worn)
 k - a +0 pair of gloves (worn)
 l - a +0 helmet (worn)
Jewellery
 m - a +3 ring of intelligence (left hand)
 n - a +3 ring of intelligence (right hand)
Wands
 j - a wand of iceblast (7)
Scrolls
 h - a scroll of blinking
Potions
 c - 5 potions of curing
 d - 3 potions of heal wounds
 e - a potion of haste
 f - 4 potions of magic
 g - a potion of berserk rage
 i - a potion of invisibility


   Skills:
 + Level 12.0 Fighting
 + Level 12.0 Long Blades
 + Level 6.9 Armour
 + Level 5.8 Dodging


You had 7 spell levels left.
You didn't know any spells.
Your spell library was empty.

Dungeon Overview and Level Annotations

Branches:
Dungeon (1/1)

Altars:
Cheibriados
Dithmenos
Elyvilon
Fedhas
Gozag
Hepliaklqana
Kikubaaqudgha
Makhleb
Nemelex Xobeh
Okawaru
Qazlal
Ru
Sif Muna
Trog
Uskayaw
Vehumet
Wu Jian
Xom
Yredelemnul
Zin
The Shining One
Beogh
Jiyva
Lugonu


Innate Abilities, Weirdness & Mutations

You have claws for feet.
You are partially covered in razor-sharp scales. (AC +1, Slay +1)


Message History

The iceblast engulfs the seven-headed hydra!
The seven-headed hydra is heavily wounded.
Unknown command.
Press < or > to pray at altars.
Unknown command.
Press < or > to pray at altars.
Unknown command.
Press < or > to pray at altars.
Unknown command.
Press < or > to pray at altars.
A red film seems to cover your vision as you go berserk!
You feel yourself moving faster!
You feel mighty!
The queen bee changes into a meliai!
The seven-headed hydra bites you.
* * * LOW HITPOINT WARNING * * *
The seven-headed hydra barely misses you.
The seven-headed hydra bites you.
* * * LOW HITPOINT WARNING * * *
The seven-headed hydra bites you.
* * * LOW HITPOINT WARNING * * *
The seven-headed hydra bites you!
* * * LOW HITPOINT WARNING * * *
The seven-headed hydra bites you but does no damage.
The seven-headed hydra bites you!
* * * LOW HITPOINT WARNING * * *
You lop one of the seven-headed hydra's heads off!
The six-headed hydra grows two more!
You slash the eight-headed hydra!
The eight-headed hydra is moderately wounded.
Unknown command.
Press < or > to pray at altars.
You hit the eight-headed hydra. You claw the eight-headed hydra!
The eight-headed hydra is heavily wounded.
The eight-headed hydra bites you but does no damage.
The eight-headed hydra bites you.
* * * LOW HITPOINT WARNING * * *
The eight-headed hydra completely misses you.
The eight-headed hydra bites you but does no damage.
The eight-headed hydra barely misses you.
The eight-headed hydra bites you but does no damage.
The eight-headed hydra bites you!
You die...

▓_▓
▓_▓
▓_▓
▓_▓
▓_▓
▓_▓
▓_▓
▓_▓
▓@▓
▓D▓
▓'▓
▓y▓
▓)▓
▓W▓
▓B▓
▓.▓
▓[▓


You could see a boulder beetle, an eight-headed hydra, a wraith and a meliai
shaped shifter.

Vanquished Creatures
  2 two-headed ogres (D)
  A troll (D)
  A necrophage (D)
  An ogre (D)
  An iguana (D)
  An orc wizard (D)
  A white imp (D)
  An orc (D)
  A giant cockroach (D)
  A jackal (D)
  A kobold (D)
  A ball python (D)
  A rat (D)
14 creatures vanquished.

Vanquished Creatures (collateral kills)
  A gnoll sergeant (D)
  An orc wizard (D)
  A giant cockroach zombie (D)
3 creatures vanquished.

Grand Total: 17 creatures vanquished

Notes
Turn   | Place    | Note
-------+----------+-------------------------------------------
     0 | D        | mhtbhm the Demonspawn Berserker began the quest for the
                  | Orb.
     0 | D        | Reached XP level 1. HP: 18/18 MP: 1/1
     7 | D        | Reached ** piety under Trog
   158 | D        | Noticed an ogre
   158 | D        | Noticed a necrophage
   158 | D        | Noticed an iguana
   162 | D        | Killed an ogre
   163 | D        | Reached skill level 5 in Long Blades
   163 | D        | Gained mutation: You have sharp toenails. [demonic
                  | ancestry]
   163 | D        | Reached XP level 2. HP: 14/28 MP: 2/2
   163 | D        | Reached XP level 3. HP: 18/34 MP: 3/3
   163 | D        | Reached XP level 4. HP: 21/40 MP: 4/4
   165 | D        | Killed a necrophage
   165 | D        | Reached *** piety under Trog
   166 | D        | Gained mutation: You have razor-sharp toenails. [demonic
                  | ancestry]
   166 | D        | Reached XP level 5. HP: 23/48 MP: 5/5
   425 | D        | Found a snail-covered altar of Cheibriados.
   425 | D        | Found a shadowy altar of Dithmenos.
   425 | D        | Found a blossoming altar of Fedhas.
   425 | D        | Found an opulent altar of Gozag.
   426 | D        | Found a hazy altar of Hepliaklqana.
   427 | D        | Found a viscous altar of Jiyva.
   428 | D        | Found an ancient bone altar of Kikubaaqudgha.
   429 | D        | Found a corrupted altar of Lugonu.
   430 | D        | Found a burning altar of Makhleb.
   431 | D        | Found a sparkling altar of Nemelex Xobeh.
   432 | D        | Found an iron altar of Okawaru.
   433 | D        | Found a stormy altar of Qazlal.
   434 | D        | Found a sacrificial altar of Ru.
   435 | D        | Found a shimmering blue altar of Sif Muna.
   436 | D        | Found a bloodstained altar of Trog.
   437 | D        | Found a hide-covered altar of Uskayaw.
   438 | D        | Found a radiant altar of Vehumet.
   439 | D        | Found an ornate altar of the Wu Jian Council.
   440 | D        | Found a shimmering altar of Xom.
   441 | D        | Found a basalt altar of Yredelemnul.
   496 | D        | Noticed a troll
   496 | D        | Noticed a two-headed ogre
   496 | D        | Noticed a two-headed ogre
   505 | D        | Killed a troll
   505 | D        | Reached **** piety under Trog
   506 | D        | Reached XP level 6. HP: 50/58 MP: 6/6
   510 | D        | Killed a two-headed ogre
   511 | D        | Reached skill level 10 in Fighting
   511 | D        | Reached skill level 10 in Long Blades
   511 | D        | Reached skill level 5 in Dodging
   511 | D        | Gained mutation: You have claws for feet. [demonic
                  | ancestry]
   511 | D        | Reached XP level 7. HP: 53/67 MP: 7/7
   511 | D        | Gained mutation: You are partially covered in razor-sharp
                  | scales. (AC +1, Slay +1) [demonic ancestry]
   511 | D        | Reached XP level 8. HP: 59/74 MP: 8/8
   515 | D        | Killed a two-headed ogre
   552 | D        | Noticed a boulder beetle
   552 | D        | Noticed a queen bee
   552 | D        | Noticed a seven-headed hydra
   559 | D        | a queen bee changed into a basilisk
   641 | D        | Noticed a queen bee
   641 | D        | a worm changed into a queen bee
   643 | D        | Noticed a meliai
   643 | D        | a queen bee changed into a meliai
   645 | D        | HP: 5/114 [eight-headed hydra (6)]
   645 | D        | Slain by an eight-headed hydra

Illustrated notes

Levels and vault maps discovered:
D:        linesprint [early_d, line_temple, items_1, d_10, items_2, lair_1,
          lair_end, items_3, orc_1, orc_end, items_4, d_15, swamp_1, shoals_1,
          snake_1, spider_1, d_20, vaults_1, items_5, swamp_end, shoals_end,
          snake_end, spider_end, vaults_end, d_27, items_6, zot_1, zot_end,
          crypt_end, forest_end, elf_end, slime_end, tomb_end, abyss_end,
          pan_hell_end]

Skill      XL: |  1  2  3  4  5  6  7  8 |
---------------+-------------------------+-----
Long Blades    | 5 7 9 10 12 | 12.0
Armour         | 3 4 6 |  6.9
Dodging        | 3 4 5 |  5.8
Fighting       | 6 7 9 10 12 | 12.0

Action                   |  1- 3 |  4- 6 |  7- 9 || total
-------------------------+-------+-------+-------++-------
Melee: Falchion          |     9 |    23 |    16 ||    48
       Kick              |       |    11 |     6 ||    17
Invok: Berserk           |     2 |     2 |     1 ||     5
       Brothers in Arms  |       |       |     2 ||     2
Evoke: Wand              |       |       |     3 ||     3
  Use: Scroll            |       |       |     1 ||     1
Armor: Animal skin       |     1 |       |       ||     1
       Chain mail        |       |     3 |    10 ||    13
Dodge: Dodged            |     3 |    11 |     7 ||    21
       Rpst.: Falchion   |       |     2 |       ||     2

Table legend: (Time is in decaauts)
 A = Elapsed time spent in this place.
 B = Non-inter-level travel time spent in this place.
 C = Inter-level travel time spent in this place.
 D = Time resting spent in this place.
 E = Time spent auto-exploring this place.
 F = Levels seen in this place.
 G = Mean time per level.
                   A        B        C        D        E       F      G
               +--------+--------+--------+--------+--------+-----+--------+
         Total |    670 |    670 |      0 |    501 |      3 |   1 |  670.0 |
       Dungeon |    670 |    670 |      0 |    501 |      3 |   1 |  670.0 |
               +--------+--------+--------+--------+--------+-----+--------+

Top non-repeatable levels by time:
       D: 670 daAuts
